 Dungeon Crawl Stone Soup version 0.28-a0-21-gf74fda84f9 (webtiles) character file.

Game seed: 10716106452634675242

15955 Spaninq the Brawler (level 12, -1/126 HPs)
             Began as a Troll Chaos Knight on July 26, 2021.
             Was a Plaything of Xom.
             Slain by a reaper (44 damage)
             ... in an ice cave.
             The game lasted 00:28:03 (8855 turns).

Spaninq the Brawler (Troll Chaos Knight)            Turns: 8855, Time: 00:28:04

Health: -1/126     AC: 10    Str: 26    XL:     12   Next: 5%
Magic:  11/11      EV: 10    Int:  8    God:    Xom [....*.]
Gold:   256        SH:  0    Dex: 10    Spells: 11/11 levels left

rFire   + . .      SeeInvis .     - Unarmed
rCold   . . .      Faith    .   (no shield)
rNeg    . . .      Spirit   .   D - +0 troll leather armour
rPois   +          Reflect  .   (helmet restricted)
rElec   .          Harm     .   p - +0 cloak
rCorr   .          Rampage  .   (gloves unavailable)
Will    +....      Clarity  +   (boots unavailable) Stlth +.........NoCast +
                                t - amulet "Iruusel" {-Cast Fly rPois rF+ Regen+}
HPRegen 4.31/turn               E - ring of willpower
MPRegen 0.12/turn               (no ring)

@: mighty, flying
A: large, unfitting armour, claws 3, regeneration 2, shaggy fur 2, tough skin 1,
horns 1, talons 1, iridescent scales 1, clarity, wild magic 1, evolution 1
a: Renounce Religion


You were in an ice cave.
You worshipped Xom.
You were a beloved toy of Xom.
You visited 2 branches of the dungeon, and saw 13 of its levels.
You also visited: Ice Cave.

You collected 406 gold pieces.
You spent 150 gold pieces at shops.

Inventory:

Hand Weapons
 s - a +0 hand axe
Missiles
 d - 4 atropa-tipped darts
 i - 7 boomerangs of dispersal (quivered)
 v - 4 throwing nets
 A - 2 curare-tipped darts
Armour
 p - a +0 cloak (worn)
 D - a +0 troll leather armour (worn)
Jewellery
 a - an amulet of regeneration
 t - the amulet "Iruusel" (around neck) {-Cast Fly rPois rF+ Regen+}
   (Xom gifted it to you in the Ecumenical Temple)

   [amulet of regeneration]

   rF:        It protects you from fire.
   rPois:     It protects you from poison.
   Fly:       It grants you flight.
   -Cast:     It prevents spellcasting.
   Regen:     It increases your rate of health regeneration.
 E - a ring of willpower (left claw)
Wands
 e - a wand of polymorph (15)
 h - a wand of acid (4)
 j - a wand of flame (34)
 n - a wand of iceblast (12)
 y - a wand of charming (6)
 B - a wand of digging (11)
Scrolls
 c - 7 scrolls of teleportation
 g - a scroll of summoning
 r - a scroll of enchant armour
 F - a scroll of fear
Potions
 b - a potion of berserk rage
 f - 5 potions of curing
 k - a potion of invisibility
 l - 3 potions of resistance
 m - a potion of ambrosia {unknown}
 o - a potion of magic
 q - 4 potions of mutation
 u - 2 potions of brilliance
 w - 4 potions of flight
 x - 2 potions of might
 z - a potion of heal wounds


   Skills:
 + Level 9.9 Fighting
 + Level 1.3 Armour
 + Level 2.5 Dodging
 * Level 15.4 Unarmed Combat


You had 11 spell levels left.
You didn't know any spells.
Your spell library contained the following spells:

 Spells                   Type           Power      Damage    Failure   Level
 Corona                   Hex            0%         N/A       52%         1
 Summon Small Mammal      Summ           0%         N/A       52%         1
 Ensorcelled Hibernation  Hex/Ice        0%         N/A       67%         2
 Call Canine Familiar     Summ           0%         N/A       87%         3
 Dazzling Flash           Conj/Hex       0%         N/A       87%         3
 Ignite Poison            Fire/Tmut/Pois 0%         N/A       87%         3
 Mephitic Cloud           Conj/Pois/Air  0%         N/A       87%         3
 Spider Form              Tmut/Pois      0%         N/A       87%         3
 Summon Guardian Golem    Hex/Summ       0%         N/A       87%         3
 Tukima's Dance           Hex            0%         N/A       87%         3
 Iskenderun's Mystic Bla  Conj/Tloc      0%         2d3       99%         4
 Blade Hands              Tmut           0%         N/A       100%        5
 Bolt of Magma            Conj/Fire/Erth 0%         4d4       100%        5
 Irradiate                Conj/Tmut      0%         3d14      100%        5
 Shadow Creatures         Summ           N/A        N/A       100%        6
 Starburst                Conj/Fire      0%         8x6d3     100%        6
 Dragon Form              Tmut           0%         N/A       100%        7


Dungeon Overview and Level Annotations

Branches:
Dungeon (12/15)            Temple (1/1) D:4            Lair (0/6) D:11
  IceCv (1/1)
    Orc: D:9-12

Altars:
Ashenzari
Cheibriados
Dithmenos
Elyvilon
Fedhas
Gozag
Hepliaklqana
Kikubaaqudgha
Makhleb
Nemelex Xobeh
Okawaru
Qazlal
Ru
Sif Muna
Trog
Uskayaw
Vehumet
Wu Jian
Xom
Yredelemnul
Zin
The Shining One

Shops:
D:5 (*   D:7 *?   D:8 (

Annotations:
D:11 Josephine


Innate Abilities, Weirdness & Mutations

You are too large for most types of armour.
You have claws for hands.
You heal very quickly.
You are covered in thick fur. (AC +2)
You have tough skin. (AC +1)
You have a pair of small horns on your head.
You have sharp toenails.
You are partially covered in iridescent scales. (AC +2)
You possess an exceptional clarity of mind.
Your spells are a little harder to cast, but a little more powerful.
You evolve.


Message History

Press ? for a list of commands and other information.
Xom opens a gate.
Your crimson imp blinks!
You feel very mighty all of a sudden. The reaper beckons to you.
Okay, then.
Press: ? - help, v - describe, . - travel The floor.
As you read the scroll of identify, it crumbles to dust.
u - 2 potions of brilliance The reaper hits you with a +2 scythe of freezing!!
The reaper freezes you!
You barely miss the reaper. Your kick misses the reaper.
The reaper hits you with a +2 scythe of freezing!
The reaper freezes you.
You scratch the reaper but do no damage.
You scratch the reaper but do no damage.
Your kick misses the reaper. Your headbutt misses the reaper.
The reaper hits you with a +2 scythe of freezing!
The reaper freezes you.
Your crimson imp closely misses the reaper.
You barely miss the reaper. You headbutt the reaper.
The reaper is lightly wounded.
The reaper hits you with a +2 scythe of freezing!!
* * * LOW HITPOINT WARNING * * *
The reaper freezes you!
* * * LOW HITPOINT WARNING * * *
Your crimson imp hits the reaper but does no damage.
You feel much better.
The reaper hits you with a +2 scythe of freezing!!
* * * LOW HITPOINT WARNING * * *
The reaper freezes you!
* * * LOW HITPOINT WARNING * * *
Your crimson imp barely misses the reaper.
Okay, then.
You feel much better. The reaper closely misses you.
Your crimson imp closely misses the reaper.
The reaper hits you from afar with a +2 scythe of freezing!!!
You die...
Xom thinks this is hilarious!

##...#..# #..#.##.# §#
#.......# ##.##..#§#§○#☼#
##..##...#
#..#....§§§§§§# ∆
#...###..#
#......2..○.§...∆
#..##.#.##
#...#...####..#.∆
#..#....## #...#...○...
☼#
#..##....###2..#....☼..☼
#
##..#....##5...###..#○☼§#
#..##..[##@.....##.#°.##
∆ ##..#.)##..#.....#.#§.#
#..####..###.......###
##.###...# #........#
##..#..## ##.......#
#....## #......## ##..##
##.....# #### #...## #.##


You could see a reaper (ally target) and a friendly crimson imp (summoned).

Vanquished Creatures
  Harold (D:7)
  3 two-headed ogres
  Pikel (D:7)
  A harpy (D:12)
  2 ice statues (IceCv)
  A gargoyle (D:12)
  Maggie (D:6)
  An unseen horror (D:9)
  A freezing wraith (IceCv)
  An anaconda simulacrum (IceCv)
  A kobold demonologist (D:10)
  7 ice devils (IceCv)
  5 trolls
  Prince Ribbit (D:9)
  A vampire (D:7)
  8 yaks
  3 wyverns
  A wraith (D:12)
  2 dire elephant simulacra (IceCv)
  Grum (D:8)
  A steam dragon (D:9)
  A death yak simulacrum (IceCv)
  Duvessa (D:6)
  2 water moccasins (D:7)
  A swamp drake (D:6)
  2 orc warriors
  A black bear (D:7)
  3 sky beasts
  6 centaurs
  A wolf (D:8)
  A phantom (D:6)
  3 ogres
  4 kobold brigands
  2 bullfrogs
  A cane toad simulacrum (IceCv)
  A scorpion (D:6)
  2 two-headed ogre simulacra (IceCv)
  A wyvern zombie (D:7)
  2 water moccasin zombies (D:7)
  A killer bee (D:7)
  5 electric eels
  7 wights
  10 howler monkeys
  A centaur zombie (D:7)
  A jelly (D:5)
  2 bullfrog skeletons
  A gnoll shaman (D:7)
  2 orc priests (D:7)
  A centaur skeleton (D:5)
  5 hounds
  Crazy Yiuf (D:6)
  Natasha (thrice) (D:3)
  An iguana (D:4)
  5 orc wizards
  3 polar bear simulacra (IceCv)
  2 troll simulacra (IceCv)
  3 killer bee zombies
  3 spriggan simulacra (IceCv)
  A wolf simulacrum (IceCv)
  A howler monkey zombie (D:7)
  4 gnolls (D:3)
  2 howler monkey skeletons
  6 adders
  A shadow imp (D:7)
  A white imp (IceCv)
  6 ufetubi
  An adder skeleton (D:4)
  2 dart slugs
  27 orcs
  3 endoplasms
  4 hobgoblins
  7 jackals
  22 kobolds
  3 quokkas
  7 ball pythons
  6 bats
  A frilled lizard (D:3)
  7 goblins
  6 rats
254 creatures vanquished.

Vanquished Creatures (collateral kills)
  A wraith (D:6)
  2 bullfrogs (D:8)
  A wyvern zombie (D:8)
  Dowan (D:6)
  A killer bee (D:7)
  3 kobolds (D:9)
9 creatures vanquished.

Vanquished Creatures (others)
  A kobold (D:9)
  8 plants
9 creatures vanquished.

Grand Total: 272 creatures vanquished

Notes
Turn   | Place    | Note
-------+----------+-------------------------------------------
     0 | D:1      | Spaninq the Troll Chaos Knight began the quest for the Orb.
     0 | D:1      | Reached XP level 1. HP: 22/22 MP: 0/0
   127 | D:1      | XOM: silly message
   336 | D:1      | Reached XP level 2. HP: 29/29 MP: 1/1
   592 | D:1      | XOM: silly message
  1165 | D:2      | XOM: enchant monster (good)
  1189 | D:2      | Reached XP level 3. HP: 36/36 MP: 2/2
  1414 | D:2      | Found a faded altar of an unknown god.
  1523 | D:2      | XOM: god gift: 24 stones
  1569 | D:2      | XOM: cloud trail
  1670 | D:3      | Reached skill level 4 in Unarmed Combat
  1673 | D:3      | Noticed Natasha
  1674 | D:3      | XOM is BORED!
  1674 | D:3      | XOM: enchant monster (bad)
  1691 | D:3      | Killed Natasha
  1730 | D:3      | Reached XP level 4. HP: 45/45 MP: 3/3
  1777 | D:3      | Noticed Natasha
  1779 | D:3      | XOM: enchant monster (good)
  1816 | D:3      | XOM: polymorph iron imp -> quasit
  1820 | D:3      | Killed Natasha
  1952 | D:3      | XOM: give mutations
  1952 | D:3      | Gained mutation: You are partially covered in large bone
                  | plates. (SH +4) [Xom's grace]
  1952 | D:3      | Gained mutation: You are somewhat resistant to further
                  | mutation. [Xom's grace]
  1984 | D:3      | Reached skill level 5 in Unarmed Combat
  1984 | D:3      | Reached XP level 5. HP: 39/53 MP: 4/4
  2021 | D:3      | XOM: give mutations
  2021 | D:3      | Gained mutation: You have a pair of small horns on your
                  | head. [Xom's grace]
  2021 | D:3      | Gained mutation: Your spells are a little harder to cast,
                  | but a little more powerful. [Xom's grace]
  2021 | D:3      | Gained mutation: You are somewhat resistant to both further
                  | mutation and mutation removal. [Xom's grace]
  2021 | D:3      | Gained mutation: You have sharp toenails. [Xom's grace]
  2030 | D:3      | Noticed Natasha
  2047 | D:3      | XOM: cast spell 'Alistair's Intoxication'
  2051 | D:3      | Killed Natasha
  2267 | D:4      | XOM: god gift: wand of iceblast (12)
  2343 | D:4      | XOM: summons friendly iron imp
  2347 | D:4      | XOM: polymorph kobold -> dart slug
  2420 | D:4      | Noticed an ogre
  2424 | D:4      | Killed an ogre
  2425 | D:4      | Reached XP level 6. HP: 62/62 MP: 5/5
  2513 | D:4      | Found a staircase to the Ecumenical Temple.
  2520 | Temple   | Entered the Ecumenical Temple
  2540 | Temple   | Identified the amulet "Iruusel" {-Cast Fly rPois rF+
                  | Regen+} (Xom gifted it to you in the Ecumenical Temple)
  2540 | Temple   | XOM: god gift: amulet "Iruusel" {-Cast Fly rPois rF+
                  | Regen+}
  2715 | D:4      | Found an ornate altar of the Wu Jian Council.
  2734 | D:4      | Reached skill level 6 in Unarmed Combat
  2779 | D:4      | XOM: divination: detect creatures
  2789 | D:4      | Noticed a sky beast
  2795 | D:4      | Killed a sky beast
  2953 | D:4      | XOM: scenery: create altars
  3005 | D:5      | Entered Level 5 of the Dungeon
  3005 | D:5      | Found Qeaffan's General Store.
  3011 | D:5      | Bought 2 potions of heal wounds for 150 gold pieces
  3279 | D:5      | Reached skill level 7 in Unarmed Combat
  3279 | D:5      | Reached XP level 7. HP: 64/71 MP: 6/6
  3380 | D:5      | Found Hazatar's Firing Range.
  3452 | D:5      | XOM: cloud trail
  3600 | D:5      | XOM: give mutations
  3600 | D:5      | Gained mutation: You are covered in thick fur. (AC +2)
                  | [Xom's grace]
  3600 | D:5      | Gained mutation: You heal very quickly. [Xom's grace]
  3600 | D:5      | Gained mutation: You possess an exceptional clarity of
                  | mind. [Xom's grace]
  3600 | D:5      | Lost mutation: You are somewhat resistant to both further
                  | mutation and mutation removal. [Xom's grace]
  3600 | D:5      | Lost mutation: You are somewhat resistant to further
                  | mutation. [Xom's grace]
  3600 | D:5      | Gained mutation: You evolve. [Xom's grace]
  3854 | D:5      | XOM: cloud trail
  3886 | D:5      | XOM: give mutation
  3886 | D:5      | Gained mutation: You are partially covered in iridescent
                  | scales. (AC +2) [Xom's grace]
  4123 | D:5      | Found Qeaffan's General Store.
  4427 | D:5      | Found Hazatar's Firing Range.
  4802 | D:5      | XOM is BORED!
  5013 | D:6      | XOM: fog
  5025 | D:6      | XOM: smoke on damage
  5062 | D:6      | Noticed Maggie
  5062 | D:6      | XOM: cast spell 'Leda's Liquefaction'
  5079 | D:6      | Killed Maggie
  5080 | D:6      | Reached skill level 5 in Fighting
  5080 | D:6      | Reached skill level 8 in Unarmed Combat
  5080 | D:6      | Reached XP level 8. HP: 68/80 MP: 7/7
  5129 | D:6      | XOM: god gift: staff of conjuration
  5175 | D:6      | XOM: polymorph electric eel -> swamp drake
  5180 | D:6      | Reached skill level 9 in Unarmed Combat
  5257 | D:6      | XOM: cast spell 'Disjunction'
  5312 | D:6      | Found a runed translucent door.
  5313 | D:6      | Noticed Crazy Yiuf
  5360 | D:6      | Found a broken altar of Ashenzari.
  5362 | D:6      | XOM: summons friendly sun demon
  5374 | D:6      | Noticed Duvessa
  5382 | D:6      | Killed Duvessa
  5383 | D:6      | Reached skill level 10 in Unarmed Combat
  5383 | D:6      | Noticed Dowan
  5388 | D:6      | Killed Dowan
  5389 | D:6      | Reached XP level 9. HP: 89/89 MP: 8/8
  5390 | D:6      | XOM: god gift: 14 gold pieces
  5450 | D:6      | Found a white marble altar of Elyvilon.
  5583 | D:6      | XOM: cloud trail
  5680 | D:6      | Killed Crazy Yiuf
  5784 | D:7      | XOM: enchant monster (bad)
  5841 | D:7      | Found Ritemu's Serpentskin Sales.
  5949 | D:7      | XOM: swap monsters
  5950 | D:7      | XOM: 2-stop teleportation journey
  6094 | D:7      | XOM: noise
  6109 | D:7      | Noticed Harold
  6110 | D:7      | Noticed Pikel
  6115 | D:7      | XOM: blink monster(s)
  6122 | D:7      | Killed Harold
  6123 | D:7      | Reached skill level 11 in Unarmed Combat
  6131 | D:7      | Killed Pikel
  6196 | D:7      | Reached XP level 10. HP: 102/102 MP: 9/9
  6224 | D:7      | XOM: chaos cloud
  6227 | D:7      | Reached skill level 12 in Unarmed Combat
  6324 | D:7      | XOM: cloud trail
  6389 | D:7      | Found Terrigoug's Magic Scroll Boutique.
  6469 | D:7      | XOM: 5-stop teleportation journey
  6569 | D:7      | Found a shimmering altar of Xom.
  6571 | D:7      | Found a shimmering altar of Xom.
  6579 | D:7      | Found a shimmering altar of Xom.
  6582 | D:7      | Found a shimmering altar of Xom.
  6582 | D:7      | Found a shimmering altar of Xom.
  6583 | D:7      | Found a shimmering altar of Xom.
  6583 | D:7      | Found a shimmering altar of Xom.
  6584 | D:7      | Found a shimmering altar of Xom.
  6642 | D:7      | XOM: give mutation
  6642 | D:7      | Lost mutation: You are partially covered in large bone
                  | plates. (SH +4) [Xom's mischief]
  6768 | D:8      | Noticed Grum
  6782 | D:8      | Killed Grum
  6785 | D:8      | XOM: polymorph wolf -> wyvern
  6884 | D:8      | Found Ryty's Antique Weapon Shop.
  7051 | D:8      | XOM: silly message
  7111 | D:8      | Reached skill level 13 in Unarmed Combat
  7112 | D:8      | XOM: confuse monster(s)
  7207 | D:8      | Found a sparkling altar of Nemelex Xobeh.
  7315 | D:8      | Noticed a seven-headed hydra
  7336 | D:8      | XOM: cast spell 'Alistair's Intoxication'
  7337 | D:8      | XOM: silly message
  7372 | D:9      | XOM: cast spell 'Summon Small Mammal'
  7420 | D:9      | Noticed Prince Ribbit
  7450 | D:9      | Killed Prince Ribbit
  7479 | D:9      | Noticed a two-headed ogre
  7479 | D:9      | XOM: divination: detect items
  7488 | D:9      | XOM: summons friendly white imp
  7506 | D:9      | Killed a two-headed ogre
  7552 | D:9      | Reached XP level 11. HP: 107/113 MP: 10/10
  7644 | D:9      | Found a shadowy altar of Dithmenos.
  7663 | D:9      | XOM: cloud trail
  7790 | D:9      | XOM: silly message
  7797 | D:9      | XOM: potion effect (brilliance)
  7919 | D:10     | Entered Level 10 of the Dungeon
  7919 | D:10     | Found a basalt altar of Yredelemnul.
  7935 | D:10     | XOM: silly message
  7940 | D:10     | XOM: cast spell 'Call Canine Familiar'
  7943 | D:10     | Found a blossoming altar of Fedhas.
  7947 | D:10     | Reached skill level 14 in Unarmed Combat
  7989 | D:10     | Noticed a two-headed ogre
  7995 | D:10     | Killed a two-headed ogre
  8070 | D:10     | Found a radiant altar of Vehumet.
  8117 | D:10     | XOM: cloud trail
  8191 | D:10     | Noticed a two-headed ogre
  8196 | D:10     | Killed a two-headed ogre
  8244 | D:10     | You are sucked into a shaft and drop 2 floors!
  8265 | D:12     | XOM: divination: magic mapping
  8268 | D:12     | XOM: cast spell 'Dispersal'
  8271 | D:12     | XOM: confuse monster(s)
  8274 | D:12     | XOM: cleaving
  8279 | D:12     | Noticed a harpy
  8279 | D:12     | a manticore changed into a harpy
  8279 | D:12     | XOM: polymorph manticore -> harpy
  8288 | D:12     | Killed a harpy
  8293 | D:12     | XOM: enchant monster (good)
  8406 | D:11     | Noticed Josephine
  8408 | D:11     | Found a frozen archway.
  8417 | IceCv    | Entered an ice cave
  8480 | IceCv    | Reached skill level 15 in Unarmed Combat
  8484 | IceCv    | XOM: summons friendly crimson imp
  8511 | IceCv    | XOM: divination: detect items
  8587 | IceCv    | XOM: silly message
  8752 | IceCv    | Reached skill level 1 in Armour
  8755 | IceCv    | Reached XP level 12. HP: 93/126 MP: 11/11
  8834 | IceCv    | Noticed a reaper
  8840 | IceCv    | XOM: summons friendly crimson imp
  8855 | IceCv    | Slain by a reaper

Illustrated notes

Levels and vault maps discovered:
D:1:      wheals_arrival_linesprint, layout_loops_ring, roderic_lattice_a
D:2:      layout_loops_ring, hellmonk_ecumenical_altar_zigzags,
          serial_park_tiny_pond, chequers_decorated_corner
D:3:      layout_basic, uniq_natasha
D:4:      layout_loops_ring, nicolae_wu_jian_wuxing_cycle, temple_green,
          minmay_statues_item
D:5:      layout_layer_cave, serial_shops, nicolae_stop_n_shop_1,
          nicolae_shop_firing_range
D:6:      layout_basic, old_standard_altar,
          mainiacjoe_overflow_concentric_impassable, serial_bayou,
          serial_bayou_pond_b, serial_bayou_ford_a, serial_bayou_lagoon_a,
          serial_bayou_pond_b, uniq_crazy_yiuf_cottage, uniq_duvessa,
          uniq_maggie
D:7:      minmay_octagon_keep, layout_loops_corners, xom_redecorated,
          serial_shops, kennysheep_mini_moat, guppyfry_shop_venom, uniq_harold,
          uniq_pikel
D:8:      layout_cave_pools, nemelex_xobeh_ov_fountains_minmay, serial_shops,
          shop, minmay_diamond_spiral, uniq_grum
D:9:      layout_cave_pools, lemuel_tele_altar, fountainhead,
          uniq_prince_ribbit1
D:10:     layout_roguey, mainiacjoe_overflow_catwalk_spiral, vehumet_crystals
D:11:     layout_stronghold, david_lair_shrubbed,
          portal_ice_cave_entry_pillars_2, uniq_snorg, uniq_josephine
D:12:     layout_cave_pools, minmay_orc_entry_temple_small, jiyva_altar_1,
          uniq_fannar
Temple:   dshaligram_water_room_temple
IceCv:    ice_cave_small_demon

Skill      XL: |  1  2  3  4  5  6  7  8  9 10 11 |
---------------+----------------------------------+-----
Unarmed Combat | 4 5 7 8 10 11 13 15 | 15.4
Fighting       | 3 4 5 6 7 8 9 |  9.9
Dodging        | 2 |  2.5
Armour         | 1 |  1.3

Action                   |  1- 3 |  4- 6 |  7- 9 | 10-12 || total
-------------------------+-------+-------+-------+-------++-------
Melee: Unarmed           |    99 |   103 |   214 |   283 ||   699
       Kick              |       |    16 |    59 |    67 ||   142
       Headbutt          |       |     9 |    41 |    47 ||    97
       Punch             |       |     1 |     5 |    14 ||    20
  Use: Scroll            |       |    11 |     2 |    10 ||    23
       Potion            |       |       |       |     3 ||     3
 Stab: Paralysed         |     2 |       |       |       ||     2
       Confused          |       |       |       |     2 ||     2
Armor: Robe              |    34 |    25 |     9 |       ||    68
       Skin              |     4 |     1 |       |       ||     5
       Steam dragon scal |       |       |    82 |    52 ||   134
       Troll leather arm |       |       |       |    68 ||    68
Dodge: Dodged            |    58 |    65 |    65 |    96 ||   284
Block: Other             |       |    10 |    29 |     2 ||    41

Table legend: (Time is in decaauts)
 A = Elapsed time spent in this place.
 B = Non-inter-level travel time spent in this place.
 C = Inter-level travel time spent in this place.
 D = Time resting spent in this place.
 E = Time spent auto-exploring this place.
 F = Levels seen in this place.
 G = Mean time per level.
                   A        B        C        D        E       F      G
               +--------+--------+--------+--------+--------+-----+--------+
         Total |   8732 |   8346 |    386 |    105 |   6267 |  14 |  623.7 |
       Dungeon |   8219 |   7857 |    362 |     28 |   6105 |  12 |  684.9 |
        Temple |    100 |     76 |     24 |      0 |     68 |   1 |  100.0 |
      Ice Cave |    412 |    412 |      0 |     77 |     94 |   1 |  412.0 |
               +--------+--------+--------+--------+--------+-----+--------+

Top non-repeatable levels by time:
     D:5: 1963 daAuts
     D:7: 976 daAuts
     D:1: 917 daAuts
     D:6: 740 daAuts
     D:2: 724 daAuts
     D:4: 665 daAuts
     D:3: 607 daAuts
     D:8: 581 daAuts
     D:9: 562 daAuts
   IceCv: 412 daAuts
    D:10: 318 daAuts
  Temple: 100 daAuts
    D:11: 86 daAuts
    D:12: 76 daAuts
